 Dungeon Crawl Stone Soup version 0.20.1-1-g8b1a95d (webtiles) character file.

175 bogdani the Gusty (level 5, -4/28 HPs)
             Began as a Tengu Air Elementalist on July 27, 2017.
             Slain by a hobgoblin (5 damage)
             ... on level 3 of the Dungeon.
             The game lasted 00:19:31 (3002 turns).

bogdani the Gusty (Tengu Air Elementalist)          Turns: 3002, Time: 00:19:32

Health: -4/28      AC: -1    Str:  8    XL:     5   Next: 55%
Magic:  9/10       EV: 13    Int: 16    God:
Gold:   72         SH:  0    Dex: 15    Spells: 4/10 levels left

rFire    . . .     SeeInvis .   j - +1 dagger (protect)
rCold    . . .     Gourm    .   (no shield)
rNeg     . . .     Faith    .   f - +0 robe
rPois    .         Spirit   .   (helmet restricted)
rElec    .         Reflect  .   (no cloak)
rCorr    .         Harm     .   (no gloves)
MR       .....                  (boots unavailable)
Stlth    ++........             (no amulet)
Regen    0.1/turn               i - -3 ring of protection (curse)
MPRegen  0.2/turn               (no ring)

@: sluggish, very slow
A: beak, talons 3, able to fly 1
a: Fly


You were on level 3 of the Dungeon.
You were not hungry.

You visited 1 branch of the dungeon, and saw 3 of its levels.

You collected 72 gold pieces.

Inventory:

Hand Weapons
 d - a +0 short sword
 j - a +1 dagger of protection (weapon)
Armour
 a - a +0 robe
 f - a +0 robe (worn)
Jewellery
 i - a cursed -3 ring of protection (left hand)
Potions
 c - a potion of magic {unknown}
 g - 2 potions of curing {unknown}
Books
 b - a book of Air

   Spells                             Type                      Level
   a - Shock                          Conjuration/Air              1
   b - Swiftness                      Charms/Air                   2
   c - Static Discharge               Conjuration/Air              3
   d - Airstrike                      Air                          4
   e - Lightning Bolt                 Conjuration/Air              5


   Skills:
 + Level 2.5 Dodging
 + Level 2.4 Stealth
 + Level 3.2 Spellcasting
 + Level 3.1 Conjurations
 + Level 5.8 Air Magic


You had 4 spell levels left.
You knew the following spells:

 Your Spells              Type           Power        Failure   Level  Hunger
a - Shock                 Conj/Air       ###.         2%          1    None
b - Swiftness             Chrm/Air       ##......     9%          2    ##.....
c - Static Discharge      Conj/Air       ###.....     9%          3    ###....


Dungeon Overview and Level Annotations

Branches:
Dungeon (3/15)

Altars:
Kikubaaqudgha
Nemelex Xobeh
Trog


Innate Abilities, Weirdness & Mutations

You have a beak for a mouth.
You have claws for feet.
You can fly.


Message History

The worker ant bites you!
* * * LOW HITPOINT WARNING * * *
You aren't carrying any food.
Unknown command.
As you read the scroll labeled ROEPUIROECH, it crumbles to dust.
You hear a loud clanging noise!
It was a scroll of noise.
You hear an angry hiss. x3; You hear a shout! x2
The leopard gecko barely misses you. The hobgoblin hits you.
* * * LOW HITPOINT WARNING * * *
The adder bites you but does no damage.
The worker ant bites you but does no damage.
The hobgoblin hits you but does no damage.
The leopard gecko barely misses you.
As you read the scroll labeled ONAIRO CEAZE, it crumbles to dust.
It is a scroll of recharging.
You aren't carrying any rechargeable items.
You feel sluggish. The adder barely misses you. The hobgoblin hits you.
You die...

.. # .## . ..$. ### ..
######.#######...# ...
##......#.gS@g....#
....#.........rlga......
................o.....##
......<...<...(.....###
####.....)..........#
#................#
#................#
#......(.........#
##..............##


You could see a worker ant, an adder, an orc, a leopard gecko, 2 hobgoblins, a
goblin and a rat.

Vanquished Creatures
  2 vampire bats (D:2)
  2 adders (D:2)
  2 oozes
  3 worms (D:2)
  A dart slug (D:1)
  5 leopard geckos
  8 bats
  4 bat skeletons (D:2)
  2 bat zombies (D:2)
  4 giant cockroaches
  2 goblins (D:1)
  5 hobgoblins
  A quokka (D:2)
  2 frilled lizards (D:2)
  5 kobolds
  4 rats
52 creatures vanquished.

Notes
Turn   | Place    | Note
-------+----------+-------------------------------------------
     0 | D:1      | bogdani the Tengu Air Elementalist began the quest for the Orb.
     0 | D:1      | Reached XP level 1. HP: 10/10 MP: 4/4
   177 | D:1      | Reached XP level 2. HP: 15/15 MP: 4/6
   181 | D:1      | Learned a level 2 spell: Swiftness
   932 | D:1      | Reached skill level 5 in Air Magic
   934 | D:1      | Reached XP level 3. HP: 19/19 MP: 1/7
   939 | D:1      | Learned a level 3 spell: Static Discharge
  1875 | D:2      | Found a bloodstained altar of Trog.
  1883 | D:2      | Reached XP level 4. HP: 24/24 MP: 4/8
  2156 | D:2      | Gained mutation: You can fly. [Tengu growth]
  2156 | D:2      | Reached XP level 5. HP: 22/28 MP: 2/10
  2255 | D:2      | Found an ancient bone altar of Kikubaaqudgha.
  2486 | D:2      | Found a sparkling altar of Nemelex Xobeh.
  3001 | D:3      | HP: 1/28 [hobgoblin (4)]
  3002 | D:3      | Slain by a hobgoblin

Skill      XL: |  1  2  3  4  5 |
---------------+----------------+-----
Air Magic      | 5 |  5.8
Conjurations   | 2 3 |  3.1
Spellcasting   | 3 |  3.2
Dodging        | |  2.5
Stealth        | |  2.4

Action                   |  1- 3 |  4- 6 || total
-------------------------+-------+-------++-------
Melee: Short sword       |     1 |       ||     1
       Dagger            |       |     8 ||     8
       Peck              |       |     3 ||     3
       Kick              |       |     2 ||     2
 Cast: Shock             |    72 |    47 ||   119
       Swiftness         |       |     1 ||     1
  Use: Scroll            |       |     2 ||     2
  Eat: Bread ration      |     1 |       ||     1
       Meat ration       |       |     1 ||     1
Armor: Robe              |     3 |    32 ||    35
Dodge: Dodged            |     6 |    65 ||    71
